 Dungeon Crawl Stone Soup version bcrawl-1.27.6 (webtiles) character file.

Game seed: 7515333441966479662

230913 Faustar the Fighter (level 8, -8/54 HPs)
             Began as a Gargoyle Fighter on Oct 8, 2020.
             Mangled by yrara's ghost (13 damage)
             ... on level 5 of the Dungeon.
             The game lasted 00:04:47 (4754 turns).

Faustar the Fighter (Gargoyle Fighter)              Turns: 4754, Time: 00:04:47

Health: -8/54      AC: 12    Str: 27    XL:     8   Next: 31%
Magic:  8/8        EV: 10    Int:  9    God:
Gold:   372        SH:  0    Dex:  9    Spells: 7/7 levels left

rFire    . . .     SeeInvis .   a - +0 flail
rCold    . . .     Gourm    .   (no shield)
rNeg     + . .     Faith    .   q - +0 scale mail (curse)
rPois    ∞         Spirit   .   (no helmet)
rElec    +         Reflect  .   (no cloak)
rCorr    .         Harm     .   (no gloves)
MR       .....                  (no boots)
Stlth    ..........             (no amulet)
HPRegen  0.18/turn              (no ring)
MPRegen  0.11/turn              (no ring)

@: mighty
A: negative energy resistance 1, electricity resistance, unbreathing,
petrification resistance, rot immunity, AC +5
a: no special abilities


You were on level 5 of the Dungeon.
You were not hungry.

You visited 2 branches of the dungeon, and saw 6 of its levels.

You collected 372 gold pieces.

Inventory:

Hand Weapons
 a - a +0 flail (weapon)
Armour
 b - a +0 scale mail
 c - a +0 medium shield
 q - a cursed +0 scale mail (worn)
 x - a cursed +0 cloak
 D - a +2 hat
Jewellery
 u - a cursed ring of protection from cold {unknown}
 v - an uncursed ring of resist corrosion {unknown}
Wands
 w - a wand of disintegration (13)
 z - a wand of digging (11)
Scrolls
 g - 4 scrolls of teleportation {unknown}
 h - 3 scrolls of blinking {unknown}
 k - a scroll of enchant armour {unknown}
 l - 3 scrolls of fog {unknown}
 o - 3 scrolls of remove curse {unknown}
 p - a scroll of amnesia {unknown}
 t - 7 scrolls of identify
 y - 2 scrolls of immolation {unknown}
Potions
 d - a potion of might
 f - 2 potions of mutation {unknown}
 i - a potion of berserk rage {unknown}
 j - 2 potions of heal wounds {unknown}
 m - a potion of curing {unknown}
 n - a potion of agility {unknown}
 r - a potion of magic {unknown}
 s - 2 potions of degeneration {unknown}
 A - a potion of ambrosia {unknown}
 B - a potion of lignification {unknown}
 C - a potion of resistance {unknown}
Comestibles
 e - 9 rations {!d}


   Skills:
 + Level 8.1 Fighting
 + Level 7.0 Maces & Flails
 - Level 3.2 Armour
 - Level 3.2 Shields


You had 7 spell levels left.
You didn't know any spells.
Your spell library contained the following spells:

 Spells                   Type           Power        Failure   Level  Hunger
 Animate Dead             Necr           N/A          100%        4    ######.
 Necromutation            Tmut/Necr      #.......     100%        8    #######


Dungeon Overview and Level Annotations

Branches:
Dungeon (5/12)             Temple (1/1) D:4

Altars:
Ashenzari
Cheibriados
Dithmenos
Elyvilon
Fedhas
Hepliaklqana
Kikubaaqudgha
Lugonu
Nemelex Xobeh
Okawaru
Qazlal
Ru
Sif Muna
Trog
Uskayaw
Vehumet
Wu Jian
Xom
Yredelemnul
The Shining One

Shops:
D:4 =   D:5 (

Annotations:
D:3 1 runed translucent door, Maksi666's ghost, amateur DgHu
D:4 exclusion: door
D:5 yrara's ghost, novice DsFi


Innate Abilities, Weirdness & Mutations

You are resistant to torment.
Your stone body is resilient. (AC +5)
You are immune to poison.
You resist negative energy. (rN+)
You are resistant to electric shocks. (rElec)
You can survive without breathing.
You are immune to petrification.
You are immune to rotting.


Message History

Yrara's ghost is heavily damaged.
Yrara's ghost hits you!
* * * LOW HITPOINT WARNING * * *
You hit yrara's ghost but do no damage.
Yrara's ghost is heavily damaged.
Yrara's ghost closely misses you.
You barely miss yrara's ghost.
Yrara's ghost is heavily damaged.
Yrara's ghost hits you.
* * * LOW HITPOINT WARNING * * *
You barely miss yrara's ghost.
Yrara's ghost is heavily damaged.
Yrara's ghost closely misses you.
You hit yrara's ghost but do no damage.
Yrara's ghost is heavily damaged.
Yrara's ghost hits you but does no damage.
You hit yrara's ghost but do no damage.
Yrara's ghost is heavily damaged.
Yrara's ghost hits you!
You die...

.............................#
##.###....#####.#########.##.#
#.# #...######.# #.##.# #.#
#.<..[.....# #.##.#
##.####..######## #.##.#
.....##[.# #### #..#.#
##.#.##..# #..## ##.#.#
#.#.##..# ##.####### #.#.#
#.......# #.@WS≈≈≈(≈ #.#.##
#...##.## #..####### #.#..##
#...##.#######...## #.#...#
#...##.........### #.##.##
#...########.### #####.##.#
##...# #.# #.....##.# ##...#
#.# #.######.# ##...# #.# #.#
#.### .....# #.# #.# #....


You could see yrara's ghost and an adder.

Vanquished Creatures
  A phantom (D:4)
  2 sky beasts (D:5)
  An ogre (D:5)
  A gnoll sergeant (D:4)
  2 scorpions
  A howler monkey (D:4)
  A centaur zombie (D:5)
  2 crimson imps
  A bullfrog skeleton (D:5)
  A bullfrog zombie (D:5)
  Crazy Yiuf (D:3)
  2 hounds (D:4)
  An orc wizard (D:5)
  4 worker ants
  A hound zombie (D:3)
  3 gnolls
  3 adders
  An ooze (D:1)
  4 worms
  5 dart slugs
  3 leopard geckos
  10 orcs
  4 giant cockroaches
  5 goblins
  8 hobgoblins
  9 jackals
  2 quokkas
  2 ball pythons
  4 bats (D:1)
  2 frilled lizards (D:2)
  9 kobolds
  2 rats (D:1)
98 creatures vanquished.

Notes
Turn   | Place    | Note
-------+----------+-------------------------------------------
     0 | D:1      | Faustar the Gargoyle Fighter began the quest for the Orb.
     0 | D:1      | Reached XP level 1. HP: 14/14 MP: 1/1
   121 | D:1      | Reached XP level 2. HP: 19/19 MP: 2/2
   406 | D:1      | Reached skill level 4 in Fighting
   406 | D:1      | Reached XP level 3. HP: 21/24 MP: 3/3
  1223 | D:2      | Reached XP level 4. HP: 30/30 MP: 4/4
  1807 | D:3      | Reached XP level 5. HP: 17/34 MP: 5/5
  1815 | D:3      | Reached skill level 5 in Fighting
  2224 | D:3      | Found a runed translucent door.
  2225 | D:3      | Noticed Maksi666's ghost (amateur DgHu)
  2245 | D:3      | Found a runed door.
  2535 | D:3      | Noticed Crazy Yiuf
  2536 | D:3      | Killed Crazy Yiuf
  2769 | D:4      | Noticed a phantom
  2800 | D:4      | Killed a phantom
  2800 | D:4      | Reached XP level 6. HP: 16/41 MP: 6/6
  2951 | D:4      | Found Coevid's Jewellery Boutique.
  2984 | D:4      | Reached skill level 6 in Fighting
  3021 | D:4      | Reached skill level 5 in Maces & Flails
  3113 | D:4      | Found a shimmering blue altar of Sif Muna.
  3148 | D:4      | Reached XP level 7. HP: 43/47 MP: 7/7
  3407 | D:4      | Found a staircase to the Ecumenical Temple.
  3440 | Temple   | Entered the Ecumenical Temple
  3785 | D:5      | Entered Level 5 of the Dungeon
  3785 | D:5      | Found Tychy's Antique Weapon Emporium.
  4005 | D:5      | Reached skill level 7 in Fighting
  4012 | D:5      | Found a shimmering blue altar of Sif Muna.
  4235 | D:5      | Reached XP level 8. HP: 40/53 MP: 8/8
  4363 | D:5      | Reached skill level 8 in Fighting
  4441 | D:5      | Identified the Compendium of Darkness
  4536 | D:5      | Found a shadowy altar of Dithmenos.
  4537 | D:5      | Found a glowing golden altar of the Shining One.
  4542 | D:5      | Found a bloodstained altar of Trog.
  4614 | D:5      | Found a runed translucent door.
  4615 | D:5      | Noticed yrara's ghost (novice DsFi)
  4754 | D:5      | Mangled by yrara's ghost

Skill      XL: |  1  2  3  4  5  6  7  8 |
---------------+-------------------------+-----
Fighting       | 4 5 6 7 8 |  8.1
Maces & Flails | 3 4 5 6 7 |  7.0
Armour         | |  3.2
Shields        | |  3.2

Action                   |  1- 3 |  4- 6 |  7- 9 || total
-------------------------+-------+-------+-------++-------
Melee: Flail             |   127 |   154 |   173 ||   454
Evoke: Wand              |       |     1 |       ||     1
  Use: Potion            |       |       |     1 ||     1
  Eat: Chunk             |     5 |     9 |     8 ||    22
       Ration            |       |       |     1 ||     1
Armor: Scale mail        |   104 |   130 |   116 ||   350
Dodge: Dodged            |    79 |   135 |    87 ||   301
